Penguins vs Marlies
Created - April 17, 2023 at 19:02
Goals
|
| Penguins |
1 |
0 |
2 |
3 |
| Marlies |
0 |
1 |
0 |
1 |
|
Shots
|
| Penguins |
10 |
14 |
13 |
37 |
| Marlies |
9 |
10 |
8 |
27 |
|
1st period
1. Penguins , Andy Andreoff 13 (Matthew Finn 8, Evan Rodrigues 58) at 3:24
Penalties :
Tyler Benson (Tor) for Cross-checking (Minor) at 3:27, Colton Sissons (Tor) for Hooking (Minor) at 15:03
2nd period
2. Marlies , Colton Sissons 35 (Valentin Zykov 55, Nicholas Baptiste 52) at 9:26
Penalties :
Brett Pesce (Tor) for Slashing (Minor) at 11:19, Curtis Hamilton (Wil) for Hooking (Minor) at 13:31, Jeff Corbett (Tor) for Holding Stick (Minor) at 18:56
3rd period
3. Penguins , Andy Andreoff 14 (Evan Rodrigues 59, Matthew Tkachuk 39) at 16:04 (PP)
4. Penguins , Evan Rodrigues 31 (Andy Andreoff 14) at 16:44
Penalties :
Victor Olofsson (Wil) for Interference (Minor) at 1:28, Martin Necas (Tor) for Hooking (Minor) at 9:32, Logan Brown (Tor) for Tripping (Minor) at 15:50, Danny Biega (Wil) for Hooking (Minor) at 19:24
Goalie Stats
Jeremy Swayman (Wil), 26 saves from 27 shots - (0.963), W, 20-16-3, 60:00 minutes
Charlie Lindgren (Tor), 34 saves from 37 shots - (0.919), L, 24-13-2, 60:00 minutes
Players Stats for Penguins
Player Name G A P +/- PIM S H SB GA TA FO MP PP MP PK MP
------------------------------------------------------------------------------------
Adam Brooks 0 0 0 0 0 0 1 0 0 0 4/13 16:17 4:06 0:51
Andy Andreoff 2 1 3 2 0 9 4 2 2 2 1/4 25:05 6:03 2:09
Brett Kulak 0 0 0 -1 0 1 3 1 0 1 0/0 30:04 6:42 3:00
Curtis Hamilton 0 0 0 -1 2 1 3 0 0 1 0/0 10:03 0:00 0:33
Dakota Mermis 0 0 0 -1 0 3 1 0 0 1 0/0 29:08 6:51 2:54
Danny Biega 0 0 0 0 2 0 1 0 0 0 0/0 19:06 4:33 1:39
Denis Malgin 0 0 0 0 0 1 2 1 0 0 1/4 8:36 0:00 0:00
Eetu Luostarinen 0 0 0 -1 0 0 0 0 0 1 2/9 11:59 0:00 1:18
Evan Rodrigues 1 2 3 2 0 6 1 1 0 0 22/33 24:03 6:03 2:13
Gavin Bayreuther 0 0 0 0 0 0 0 2 0 0 0/0 2:39 0:54 0:00
Iven Barbashev 0 0 0 0 0 0 0 1 0 0 0/0 17:05 4:06 1:39
Jeff Malott 0 0 0 0 0 2 4 0 0 0 0/0 8:59 0:00 0:23
John Marino 0 0 0 2 0 2 4 2 1 0 0/0 20:38 0:45 1:33
Matthew Finn 0 1 1 2 0 1 0 2 0 0 0/0 15:48 0:33 0:00
Matthew Tkachuk 0 1 1 2 0 5 1 0 1 0 0/5 21:42 5:59 0:00
Max Gortz 0 0 0 -1 0 1 1 0 1 0 1/1 10:03 0:04 0:00
Sam Kurker 0 0 0 0 0 4 3 0 0 1 0/0 8:44 0:00 0:00
Victor Olofsson 0 0 0 0 2 1 1 0 0 1 0/0 15:25 4:06 0:00
Players Stats for Marlies
Player Name G A P +/- PIM S H SB GA TA FO MP PP MP PK MP
------------------------------------------------------------------------------------
Aleksi Saarela 0 0 0 0 0 2 1 0 0 1 5/9 18:26 1:58 3:54
Alex Formenton 0 0 0 0 0 1 1 0 0 0 0/0 11:22 0:00 0:00
Brett Pesce 0 0 0 0 2 4 1 1 1 0 0/0 28:07 2:32 5:22
Colton Sissons 1 0 1 -1 2 1 0 1 1 0 21/41 21:47 2:35 4:07
Dennis Gilbert 0 0 0 0 0 1 0 0 0 0 0/0 11:34 0:00 0:58
Dmitri Samorukov 0 0 0 0 0 1 0 2 0 0 0/0 10:45 0:00 0:00
Henri Ikonen 0 0 0 0 0 1 1 0 0 0 0/0 8:27 0:00 1:47
Jeff Corbett 0 0 0 0 2 1 1 3 0 1 0/0 27:10 2:32 4:34
Keaton Thompson 0 0 0 -1 0 0 0 0 0 2 0/0 22:25 2:01 5:43
Logan Brown 0 0 0 0 2 2 1 1 1 0 8/14 14:17 0:00 2:54
Martin Necas 0 0 0 0 2 1 0 0 0 0 0/0 11:59 0:00 0:00
Mathieu Olivier 0 0 0 0 0 2 1 0 0 1 0/0 13:03 1:58 0:00
Matthew Highmore 0 0 0 0 0 0 0 0 0 0 1/1 6:23 0:00 0:07
Nicholas Baptiste 0 1 1 -1 0 2 1 0 2 0 3/3 17:39 2:35 0:00
Pierre-Olivier Joseph 0 0 0 -1 0 1 1 0 1 0 0/0 20:10 2:01 3:41
Tobias Lindberg 0 0 0 0 0 0 0 1 0 0 0/0 6:34 0:00 0:00
Tyler Benson 0 0 0 0 2 3 3 1 0 0 0/0 16:22 1:58 2:13
Valentin Zykov 0 1 1 -1 0 4 0 0 2 0 0/1 23:15 2:35 5:16
3 Stars
1 - Andy Andreoff (Wil)
2 - Evan Rodrigues (Wil)
3 - Jeremy Swayman (Wil)
Power Play
Penguins - 1 on 6 Attempt(s) - 16.67%
Marlies - 0 on 3 Attempt(s) - 0.00%
Penalty Kill
Penguins - 3 on 3 Attempt(s) - 100.00%
- Score 0 goal in Penalty Kill
Marlies - 5 on 6 Attempt(s) - 83.33%
- Score 0 goal in Penalty Kill
Team Stat
Penguins - Hits : 30 - Faceoff Wins : 31 - Blocked Shots : 12 - Penalty Minutes : 6
Marlies - Hits : 12 - Faceoff Wins : 38 - Blocked Shots : 10 - Penalty Minutes : 12
Official
Referees : Trevor Hanson and Gord Dwyer
Linesman : Libor Suchanek and Steve Miller
Game Notes
Gavin Bayreuther is injured at 5:46 of 1st period (Sprained Left Ankle)
Finance
Level 1 -- Attendance: 1832 (91.60%) -- Ticket Income $64,120
Level 2 -- Attendance: 940 (94.00%) -- Ticket Income $14,100
Total Attendance: 2772 (92.40%)
Total Ticket Income: $78,220
Other Income: $3,911
Total Income: $82,131
Penguins
5 vs 5 Forward
Center Left Wing Right Wing Time % Phy DF OF
1 Evan Rodrigues Andy Andreoff Matthew Tkachuk 40 1 2 2
2 Adam Brooks Iven Barbashev Victor Olofsson 30 1 2 2
3 Eetu Luostarinen Curtis Hamilton Max Gortz 20 1 2 2
4 Denis Malgin Jeff Malott Sam Kurker 10 1 2 2
5 vs 5 Defense
Defense Defense Time % Phy DF OF
1 Brett Kulak Dakota Mermis 40 1 2 2
2 Gavin Bayreuther Danny Biega 30 1 2 2
3 John Marino Matthew Finn 20 1 2 2
4 Brett Kulak Dakota Mermis 10 1 2 2
PowerPlay Forward
Center Left Wing Right Wing Time % Phy DF OF
1 Evan Rodrigues Andy Andreoff Matthew Tkachuk 60 1 2 2
2 Adam Brooks Iven Barbashev Victor Olofsson 40 1 2 2
PowerPlay Defense
Defense Defense Time % Phy DF OF
1 Brett Kulak Dakota Mermis 60 1 2 2
2 Gavin Bayreuther Danny Biega 40 1 2 2
Penalty Kill 4 Players Forward
Center Wing Time % Phy DF OF
1 Evan Rodrigues Andy Andreoff 60 1 2 2
2 Adam Brooks Iven Barbashev 40 1 2 2
Penalty Kill 4 Players Defense
Defense Defense Time % Phy DF OF
1 Brett Kulak Dakota Mermis 60 1 2 2
2 Gavin Bayreuther Danny Biega 40 1 2 2
Penalty Kill - 3 Players Forward
Forward Time % Phy DF OF
1 Evan Rodrigues 60 1 2 2
2 Adam Brooks 40 1 2 2
Penalty Kill - 3 Players Defense
Defense Defense Time % Phy DF OF
1 Brett Kulak Dakota Mermis 60 1 2 2
2 Gavin Bayreuther Danny Biega 40 1 2 2
4 vs 4 Forward
Center Wing Time % Phy DF OF
1 Evan Rodrigues Andy Andreoff 60 1 2 2
2 Adam Brooks Iven Barbashev 40 1 2 2
4 vs 4 Defense
Defense Defense Time % Phy DF OF
1 Brett Kulak Dakota Mermis 60 1 2 2
2 Gavin Bayreuther Danny Biega 40 1 2 2
Last Minutes Offensive
Center Left Wing Right Wing Defense Defense
Evan Rodrigues Andy Andreoff Matthew Tkachuk Brett Kulak Dakota Mermis
Last Minutes Defensive
Center Left Wing Right Wing Defense Defense
Evan Rodrigues Andy Andreoff Matthew Tkachuk Brett Kulak Dakota Mermis
Goaltenders
Starting : Jeremy Swayman
Backup : Anthony Stolarz
Extra Forwards
Normal : Iven Barbashev, Max Gortz, Sam Kurker - PP : Iven Barbashev, Max Gortz - PK : Iven Barbashev
Extra Defensemen
Normal : Danny Biega, John Marino, Matthew Finn - PP : Danny Biega - PK : Danny Biega, John Marino
Penalty Shots
Andy Andreoff, Matthew Tkachuk, Victor Olofsson, Evan Rodrigues, Iven Barbashev
Scratches
Jesper Boqvist (Healthy), Andrew O'Brien (Healthy), Brett Pollock (Healthy), Josh Ho-Sang (Healthy), Juuso Ikonen (Healthy)
Austin Strand (Healthy), Raphael Bussieres (Healthy), Steven Spinner (Healthy), German Rubtsov (Healthy), Cal Petersen (Healthy)
Marlies
5 vs 5 Forward
Center Left Wing Right Wing Time % Phy DF OF
1 Colton Sissons Valentin Zykov Nicholas Baptiste 40 1 2 2
2 Aleksi Saarela Tyler Benson Martin Necas 30 1 2 2
3 Logan Brown Alex Formenton Mathieu Olivier 20 1 2 2
4 Matthew Highmore Henri Ikonen Tobias Lindberg 10 1 2 2
5 vs 5 Defense
Defense Defense Time % Phy DF OF
1 Brett Pesce Jeff Corbett 40 1 2 2
2 Pierre-Olivier Joseph Keaton Thompson 30 1 2 2
3 Dennis Gilbert Dmitri Samorukov 20 1 2 2
4 Brett Pesce Jeff Corbett 10 1 2 2
PowerPlay Forward
Center Left Wing Right Wing Time % Phy DF OF
1 Colton Sissons Valentin Zykov Nicholas Baptiste 60 1 2 2
2 Aleksi Saarela Tyler Benson Mathieu Olivier 40 1 2 2
PowerPlay Defense
Defense Defense Time % Phy DF OF
1 Brett Pesce Jeff Corbett 60 1 2 2
2 Pierre-Olivier Joseph Keaton Thompson 40 1 2 2
Penalty Kill 4 Players Forward
Center Wing Time % Phy DF OF
1 Colton Sissons Valentin Zykov 60 1 2 2
2 Aleksi Saarela Tyler Benson 40 1 2 2
Penalty Kill 4 Players Defense
Defense Defense Time % Phy DF OF
1 Brett Pesce Jeff Corbett 60 1 2 2
2 Pierre-Olivier Joseph Keaton Thompson 40 1 2 2
Penalty Kill - 3 Players Forward
Forward Time % Phy DF OF
1 Colton Sissons 60 1 2 2
2 Aleksi Saarela 40 1 2 2
Penalty Kill - 3 Players Defense
Defense Defense Time % Phy DF OF
1 Brett Pesce Jeff Corbett 60 1 2 2
2 Pierre-Olivier Joseph Keaton Thompson 40 1 2 2
4 vs 4 Forward
Center Wing Time % Phy DF OF
1 Colton Sissons Valentin Zykov 60 1 2 2
2 Aleksi Saarela Tyler Benson 40 1 2 2
4 vs 4 Defense
Defense Defense Time % Phy DF OF
1 Brett Pesce Jeff Corbett 60 1 2 2
2 Pierre-Olivier Joseph Keaton Thompson 40 1 2 2
Last Minutes Offensive
Center Left Wing Right Wing Defense Defense
Colton Sissons Valentin Zykov Nicholas Baptiste Brett Pesce Jeff Corbett
Last Minutes Defensive
Center Left Wing Right Wing Defense Defense
Colton Sissons Valentin Zykov Nicholas Baptiste Brett Pesce Jeff Corbett
Goaltenders
Starting : Charlie Lindgren
Backup : Logan Thompson
Extra Forwards
Normal : Logan Brown, Mathieu Olivier, Tyler Benson - PP : Logan Brown, Mathieu Olivier - PK : Logan Brown
Extra Defensemen
Normal : Keaton Thompson, Dennis Gilbert, Dmitri Samorukov - PP : Keaton Thompson - PK : Keaton Thompson, Dennis Gilbert
Penalty Shots
Nicholas Baptiste, Valentin Zykov, Colton Sissons, Aleksi Saarela, Logan Brown
Scratches
Brycen Martin (Healthy), Marc McLaughlin (Healthy), Jaden Lindo (Healthy), Jakob Forsbacka-Karlsson (Healthy), Radovan Bondra (Healthy)
Simon Bourque (Healthy), Mike Hardman (Healthy), Lucas Carlsson (Torn Left MCL Injury), Otto Koivula (Healthy), Jonathan Davidsson (Healthy)
% Time on Ice - Penguins
Lines # - Real PCT - Wanted PCT - Time Play
Normal Forward
1 - 35% - 40% - 15:55
2 - 25% - 30% - 11:20
3 - 21% - 20% - 9:27
4 - 19% - 10% - 8:36
Normal Defense
1 - 38% - 40% - 17:13
2 - 35% - 30% - 15:58
3 - 24% - 20% - 10:43
4 - 3% - 10% - 1:24
PP Forward
1 - 60% - 60% - 6:03
2 - 40% - 40% - 4:06
PP Defense
1 - 48% - 60% - 4:51
2 - 52% - 40% - 5:18
PK Forward
1 - 81% - 60% - 3:42
2 - 19% - 40% - 0:51
PK Defense
1 - 60% - 60% - 2:45
2 - 40% - 40% - 1:48
PK3 Forward
1 - 0% - 60%
2 - 0% - 40%
PK3 Defense
1 - 0% - 60%
2 - 0% - 40%
44 Forward
1 - 0% - 60%
2 - 0% - 40%
44 Defense
1 - 0% - 60%
2 - 0% - 40%
Last Minute Offensive - 0:00
Last Minute Defensive - 0:00
Total
Forward - 60:00
Defense - 60:00
|
% Time on Ice - Marlies
Lines # - Real PCT - Wanted PCT - Time Play
Normal Forward
1 - 35% - 40% - 15:48
2 - 26% - 30% - 11:52
3 - 25% - 20% - 11:22
4 - 14% - 10% - 6:16
Normal Defense
1 - 40% - 40% - 17:56
2 - 32% - 30% - 14:28
3 - 23% - 20% - 10:36
4 - 5% - 10% - 2:18
PP Forward
1 - 57% - 60% - 2:35
2 - 43% - 40% - 1:58
PP Defense
1 - 56% - 60% - 2:32
2 - 44% - 40% - 2:01
PK Forward
1 - 70% - 60% - 7:07
2 - 30% - 40% - 3:02
PK Defense
1 - 73% - 60% - 7:26
2 - 27% - 40% - 2:43
PK3 Forward
1 - 0% - 60%
2 - 0% - 40%
PK3 Defense
1 - 0% - 60%
2 - 0% - 40%
44 Forward
1 - 0% - 60%
2 - 0% - 40%
44 Defense
1 - 0% - 60%
2 - 0% - 40%
Last Minute Offensive - 0:00
Last Minute Defensive - 0:00
Total
Forward - 60:00
Defense - 60:00
|
Play-by-Play
1st period
0:01 of 1st period - Colton Sissons wins face-off versus Evan Rodrigues in neutral zone.
0:26 of 1st period - Icing by Brett Kulak.
0:27 of 1st period - Evan Rodrigues wins face-off versus Aleksi Saarela in Penguins zone.
0:27 of 1st period - Evan Rodrigues is hit by Tyler Benson.
1:35 of 1st period - Matthew Tkachuk is hit by Pierre-Olivier Joseph and loses puck.
1:40 of 1st period - Snap shot by Matthew Highmore.
1:40 of 1st period - Shot Blocked by Andy Andreoff.
1:48 of 1st period - Slapshot by Matthew Highmore.
1:48 of 1st period - Shot Blocked by Gavin Bayreuther.
2:30 of 1st period - Wrist shot by Curtis Hamilton.
2:30 of 1st period - Shot Misses the Net.
2:46 of 1st period - Snap shot by Valentin Zykov.
2:46 of 1st period - Shot Misses the Net.
2:48 of 1st period - Slapshot by Dmitri Samorukov.
2:48 of 1st period - Stopped by Jeremy Swayman without a rebound.
2:49 of 1st period - Evan Rodrigues wins face-off versus Colton Sissons in Penguins zone.
2:56 of 1st period - Snap shot by Evan Rodrigues.
2:56 of 1st period - Shot Misses the Net.
2:58 of 1st period - Slapshot by John Marino.
2:58 of 1st period - Deflect By Matthew Tkachuk.
2:58 of 1st period - Shot Misses the Net.
2:58 of 1st period - Puck is out of play.
2:59 of 1st period - Colton Sissons wins face-off versus Andy Andreoff in Marlies zone.
3:10 of 1st period - Snap shot by Nicholas Baptiste.
3:10 of 1st period - Stopped by Jeremy Swayman with a rebound.
3:20 of 1st period - Slapshot by Andy Andreoff.
3:20 of 1st period - Stopped by Charlie Lindgren with a rebound.
3:22 of 1st period - Slapshot by Matthew Finn.
3:22 of 1st period - Shot Misses the Net.
3:24 of 1st period - Wrist shot by Andy Andreoff.
3:24 of 1st period - Goal by Andy Andreoff - Penguins : 1 - Marlies : 0.
3:25 of 1st period - Aleksi Saarela wins face-off versus Adam Brooks in neutral zone.
3:27 of 1st period - Minor Penalty to Tyler Benson for Cross-checking.
3:28 of 1st period - Evan Rodrigues wins face-off versus Colton Sissons in Marlies zone.
4:30 of 1st period - Icing by Danny Biega.
4:31 of 1st period - Colton Sissons wins face-off versus Adam Brooks in Penguins zone.
5:27 of 1st period - Penalty to Tyler Benson is over, Tyler Benson is back on ice.
5:44 of 1st period - Wrist shot by Valentin Zykov.
5:44 of 1st period - Stopped by Jeremy Swayman with a rebound.
5:46 of 1st period - Slapshot by Dennis Gilbert.
5:46 of 1st period - Shot Blocked by Gavin Bayreuther.
5:46 of 1st period - Gavin Bayreuther from Penguins is injured at 5:46 of 1st period (Sprained Left Ankle).
5:47 of 1st period - Aleksi Saarela wins face-off versus Adam Brooks in Penguins zone.
5:58 of 1st period - Wrist shot by Aleksi Saarela.
5:58 of 1st period - Shot Misses the Net.
6:00 of 1st period - Snap shot by Tyler Benson.
6:00 of 1st period - Deflect By Aleksi Saarela.
6:00 of 1st period - Shot Misses the Net.
6:00 of 1st period - Puck is out of play.
6:01 of 1st period - Evan Rodrigues wins face-off versus Valentin Zykov in Penguins zone.
6:12 of 1st period - Slapshot by Matthew Tkachuk.
6:12 of 1st period - Shot Blocked by Colton Sissons.
6:38 of 1st period - Wrist shot by Tyler Benson.
6:38 of 1st period - Shot Misses the Net.
6:41 of 1st period - Icing by Victor Olofsson.
6:42 of 1st period - Logan Brown wins face-off versus Adam Brooks in Penguins zone.
7:14 of 1st period - Icing by Pierre-Olivier Joseph.
7:15 of 1st period - Andy Andreoff wins face-off versus Aleksi Saarela in Marlies zone.
7:30 of 1st period - Wrist shot by Tyler Benson.
7:30 of 1st period - Stopped by Jeremy Swayman without a rebound.
7:31 of 1st period - Adam Brooks wins face-off versus Colton Sissons in Penguins zone.
8:22 of 1st period - Dennis Gilbert is hit by Max Gortz and loses puck.
8:41 of 1st period - Backhand shot by Sam Kurker.
8:41 of 1st period - Stopped by Charlie Lindgren without a rebound.
8:42 of 1st period - Matthew Highmore wins face-off versus Denis Malgin in Marlies zone.
8:42 of 1st period - Matthew Highmore is hit by Brett Kulak.
8:48 of 1st period - Brett Kulak is hit by Jeff Corbett and loses puck.
9:07 of 1st period - Wrist shot by Sam Kurker.
9:07 of 1st period - Stopped by Charlie Lindgren with a rebound.
9:09 of 1st period - Wrist shot by Dakota Mermis.
9:09 of 1st period - Stopped by Charlie Lindgren without a rebound.
9:10 of 1st period - Nicholas Baptiste wins face-off versus Evan Rodrigues in Marlies zone.
9:43 of 1st period - Victor Olofsson is hit by Tyler Benson and loses puck.
9:48 of 1st period - Snap shot by Aleksi Saarela.
9:48 of 1st period - Shot Blocked by John Marino.
9:50 of 1st period - Wrist shot by Martin Necas.
9:50 of 1st period - Stopped by Jeremy Swayman with a rebound.
9:52 of 1st period - Snap shot by Dennis Gilbert.
9:52 of 1st period - Deflect By Victor Olofsson.
9:52 of 1st period - Stopped by Jeremy Swayman without a rebound.
9:53 of 1st period - Logan Brown wins face-off versus Eetu Luostarinen in Penguins zone.
10:02 of 1st period - Snap shot by Dakota Mermis.
10:02 of 1st period - Shot Misses the Net.
10:04 of 1st period - Slapshot by Brett Kulak.
10:04 of 1st period - Shot Blocked by Brett Pesce.
10:06 of 1st period - Snap shot by Eetu Luostarinen.
10:06 of 1st period - Shot Misses the Net.
10:30 of 1st period - Slapshot by Valentin Zykov.
10:30 of 1st period - Shot Blocked by Iven Barbashev.
11:04 of 1st period - Wrist shot by Jeff Malott.
11:04 of 1st period - Shot Blocked by Dmitri Samorukov.
11:06 of 1st period - Snap shot by Denis Malgin.
11:06 of 1st period - Stopped by Charlie Lindgren with a rebound.
11:08 of 1st period - Slapshot by Dakota Mermis.
11:08 of 1st period - Shot Misses the Net.
11:10 of 1st period - Wrist shot by Dakota Mermis.
11:10 of 1st period - Shot Blocked by Tobias Lindberg.
11:28 of 1st period - Dennis Gilbert is hit by Curtis Hamilton and loses puck.
12:01 of 1st period - Icing by Adam Brooks.
12:02 of 1st period - Adam Brooks wins face-off versus Aleksi Saarela in Penguins zone.
12:40 of 1st period - Evan Rodrigues is hit by Nicholas Baptiste and loses puck.
12:50 of 1st period - Off-side.
12:51 of 1st period - Eetu Luostarinen wins face-off versus Logan Brown in neutral zone.
12:58 of 1st period - Slapshot by Max Gortz.
12:58 of 1st period - Shot Misses the Net.
13:04 of 1st period - Snap shot by Max Gortz.
13:04 of 1st period - Stopped by Charlie Lindgren without a rebound.
13:05 of 1st period - Evan Rodrigues wins face-off versus Colton Sissons in Marlies zone.
13:18 of 1st period - Wrist shot by Nicholas Baptiste.
13:18 of 1st period - Shot Misses the Net.
13:20 of 1st period - Snap shot by Jeff Corbett.
13:20 of 1st period - Deflect By Matthew Tkachuk.
13:20 of 1st period - Stopped by Jeremy Swayman without a rebound.
13:21 of 1st period - Aleksi Saarela wins face-off versus Adam Brooks in Penguins zone.
13:30 of 1st period - Wrist shot by Martin Necas.
13:30 of 1st period - Shot Misses the Net.
13:32 of 1st period - Wrist shot by Tyler Benson.
13:32 of 1st period - Stopped by Jeremy Swayman without a rebound.
13:33 of 1st period - Evan Rodrigues wins face-off versus Colton Sissons in Penguins zone.
13:45 of 1st period - Off-side.
13:46 of 1st period - Colton Sissons wins face-off versus Evan Rodrigues in neutral zone.
13:53 of 1st period - Snap shot by Nicholas Baptiste.
13:53 of 1st period - Shot Misses the Net.
14:41 of 1st period - Off-side.
14:42 of 1st period - Colton Sissons wins face-off versus Matthew Tkachuk in neutral zone.
14:47 of 1st period - Snap shot by Valentin Zykov.
14:47 of 1st period - Stopped by Jeremy Swayman with a rebound.
14:57 of 1st period - Snap shot by Matthew Tkachuk.
14:57 of 1st period - Stopped by Charlie Lindgren with a rebound.
15:03 of 1st period - Minor Penalty to Colton Sissons for Hooking.
15:04 of 1st period - Evan Rodrigues wins face-off versus Logan Brown in Marlies zone.
15:11 of 1st period - Wrist shot by Evan Rodrigues.
15:11 of 1st period - Shot Misses the Net.
15:17 of 1st period - Snap shot by Andy Andreoff.
15:17 of 1st period - Deflect By Evan Rodrigues.
15:17 of 1st period - Stopped by Charlie Lindgren without a rebound.
15:18 of 1st period - Logan Brown wins face-off versus Matthew Tkachuk in Marlies zone.
15:27 of 1st period - Slapshot by Dakota Mermis.
15:27 of 1st period - Stopped by Charlie Lindgren with a rebound.
16:14 of 1st period - Aleksi Saarela is hit by Andy Andreoff and loses puck.
17:03 of 1st period - Penalty to Colton Sissons is over, Colton Sissons is back on ice.
17:24 of 1st period - Wrist shot by Aleksi Saarela.
17:24 of 1st period - Shot Misses the Net.
17:42 of 1st period - Alex Formenton is hit by Brett Kulak and loses puck.
18:29 of 1st period - Dennis Gilbert is hit by Brett Kulak.
18:39 of 1st period - Brett Kulak is hit by Aleksi Saarela and loses puck.
19:20 of 1st period - Jeff Corbett is hit by Jeff Malott and loses puck.
19:52 of 1st period - Keaton Thompson is hit by Sam Kurker and loses puck.
Goals for this period are 1 for Penguins vs 0 for Marlies.
Shots for this period are 10 for Penguins vs 9 for Marlies.
2nd period
0:01 of 2nd period - Colton Sissons wins face-off versus Matthew Tkachuk in neutral zone.
0:05 of 2nd period - Off-side.
0:06 of 2nd period - Evan Rodrigues wins face-off versus Colton Sissons in neutral zone.
0:17 of 2nd period - Snap shot by Andy Andreoff.
0:17 of 2nd period - Shot Misses the Net.
0:19 of 2nd period - Slapshot by Dakota Mermis.
0:19 of 2nd period - Stopped by Charlie Lindgren with a rebound.
0:31 of 2nd period - Snap shot by Victor Olofsson.
0:31 of 2nd period - Shot Blocked by Logan Brown.
0:33 of 2nd period - Wrist shot by Adam Brooks.
0:33 of 2nd period - Deflect By Brett Pesce.
0:33 of 2nd period - Shot Misses the Net.
0:33 of 2nd period - Puck is out of play.
0:34 of 2nd period - Logan Brown wins face-off versus Adam Brooks in Marlies zone.
0:53 of 2nd period - Victor Olofsson is hit by Logan Brown and loses puck.
1:02 of 2nd period - Slapshot by Brett Pesce.
1:02 of 2nd period - Stopped by Jeremy Swayman without a rebound.
1:03 of 2nd period - Evan Rodrigues wins face-off versus Colton Sissons in Penguins zone.
1:25 of 2nd period - Icing by Colton Sissons.
1:26 of 2nd period - Colton Sissons wins face-off versus Eetu Luostarinen in Marlies zone.
1:31 of 2nd period - Slapshot by Brett Pesce.
1:31 of 2nd period - Stopped by Jeremy Swayman without a rebound.
1:32 of 2nd period - Aleksi Saarela wins face-off versus Eetu Luostarinen in Penguins zone.
1:39 of 2nd period - Wrist shot by Aleksi Saarela.
1:39 of 2nd period - Stopped by Jeremy Swayman with a rebound.
1:41 of 2nd period - Slapshot by Brett Pesce.
1:41 of 2nd period - Shot Blocked by Matthew Finn.
1:57 of 2nd period - Jeff Corbett is hit by John Marino and loses puck.
2:04 of 2nd period - Snap shot by Brett Pesce.
2:04 of 2nd period - Shot Blocked by Matthew Finn.
2:44 of 2nd period - Wrist shot by Mathieu Olivier.
2:44 of 2nd period - Shot Blocked by Denis Malgin.
3:06 of 2nd period - Snap shot by Max Gortz.
3:06 of 2nd period - Shot Blocked by Dmitri Samorukov.
3:08 of 2nd period - Wrist shot by Curtis Hamilton.
3:08 of 2nd period - Stopped by Charlie Lindgren without a rebound.
3:09 of 2nd period - Colton Sissons wins face-off versus Andy Andreoff in Marlies zone.
3:09 of 2nd period - Colton Sissons is hit by Andy Andreoff.
3:23 of 2nd period - Wrist shot by Matthew Tkachuk.
3:23 of 2nd period - Shot Misses the Net.
3:25 of 2nd period - Wrist shot by Evan Rodrigues.
3:25 of 2nd period - Stopped by Charlie Lindgren without a rebound.
3:26 of 2nd period - Logan Brown wins face-off versus Adam Brooks in Marlies zone.
3:26 of 2nd period - Logan Brown is hit by John Marino.
3:39 of 2nd period - Wrist shot by Adam Brooks.
3:39 of 2nd period - Shot Blocked by Jeff Corbett.
3:41 of 2nd period - Snap shot by Adam Brooks.
3:41 of 2nd period - Shot Misses the Net.
4:21 of 2nd period - Snap shot by Sam Kurker.
4:21 of 2nd period - Shot Misses the Net.
4:23 of 2nd period - Snap shot by Jeff Malott.
4:23 of 2nd period - Stopped by Charlie Lindgren without a rebound.
4:24 of 2nd period - Colton Sissons wins face-off versus Evan Rodrigues in Marlies zone.
5:33 of 2nd period - Wrist shot by Andy Andreoff.
5:33 of 2nd period - Shot Blocked by Jeff Corbett.
5:35 of 2nd period - Snap shot by Matthew Tkachuk.
5:35 of 2nd period - Stopped by Charlie Lindgren with a rebound.
5:37 of 2nd period - Snap shot by Brett Kulak.
5:37 of 2nd period - Shot Blocked by Jeff Corbett.
5:39 of 2nd period - Wrist shot by Evan Rodrigues.
5:39 of 2nd period - Shot Misses the Net.
5:41 of 2nd period - Snap shot by Evan Rodrigues.
5:41 of 2nd period - Stopped by Charlie Lindgren with a rebound.
5:58 of 2nd period - Slapshot by Brett Pesce.
5:58 of 2nd period - Stopped by Jeremy Swayman with a rebound.
6:14 of 2nd period - Wrist shot by Aleksi Saarela.
6:14 of 2nd period - Deflect By Tyler Benson.
6:14 of 2nd period - Stopped by Jeremy Swayman with a rebound.
6:19 of 2nd period - Off-side.
6:20 of 2nd period - Aleksi Saarela wins face-off versus Andy Andreoff in neutral zone.
6:35 of 2nd period - Wrist shot by Andy Andreoff.
6:35 of 2nd period - Stopped by Charlie Lindgren with a rebound.
7:54 of 2nd period - Matthew Highmore is hit by Sam Kurker and loses puck.
8:11 of 2nd period - Snap shot by Valentin Zykov.
8:11 of 2nd period - Stopped by Jeremy Swayman without a rebound.
8:12 of 2nd period - Nicholas Baptiste wins face-off versus Eetu Luostarinen in Penguins zone.
8:36 of 2nd period - Off-side.
8:37 of 2nd period - Evan Rodrigues wins face-off versus Aleksi Saarela in neutral zone.
8:48 of 2nd period - Slapshot by Martin Necas.
8:48 of 2nd period - Shot Misses the Net.
9:10 of 2nd period - Slapshot by Pierre-Olivier Joseph.
9:10 of 2nd period - Shot Misses the Net.
9:12 of 2nd period - Slapshot by Pierre-Olivier Joseph.
9:12 of 2nd period - Stopped by Jeremy Swayman without a rebound.
9:13 of 2nd period - Colton Sissons wins face-off versus Eetu Luostarinen in Penguins zone.
9:26 of 2nd period - Wrist shot by Colton Sissons.
9:26 of 2nd period - Goal by Colton Sissons - Penguins : 1 - Marlies : 1.
9:27 of 2nd period - Colton Sissons wins face-off versus Evan Rodrigues in neutral zone.
10:11 of 2nd period - Wrist shot by Henri Ikonen.
10:11 of 2nd period - Stopped by Jeremy Swayman with a rebound.
10:21 of 2nd period - Wrist shot by Dakota Mermis.
10:21 of 2nd period - Shot Misses the Net.
10:23 of 2nd period - Slapshot by Brett Kulak.
10:23 of 2nd period - Shot Misses the Net.
10:25 of 2nd period - Slapshot by Dakota Mermis.
10:25 of 2nd period - Shot Misses the Net.
10:35 of 2nd period - Snap shot by Evan Rodrigues.
10:35 of 2nd period - Deflect By Matthew Tkachuk.
10:35 of 2nd period - Shot Misses the Net.
10:35 of 2nd period - Puck is out of play.
10:36 of 2nd period - Evan Rodrigues wins face-off versus Colton Sissons in Marlies zone.
10:37 of 2nd period - Snap shot by Andy Andreoff.
10:37 of 2nd period - Stopped by Charlie Lindgren with a rebound.
10:39 of 2nd period - Slapshot by John Marino.
10:39 of 2nd period - Stopped by Charlie Lindgren without a rebound.
10:40 of 2nd period - Evan Rodrigues wins face-off versus Colton Sissons in Marlies zone.
10:41 of 2nd period - Snap shot by Matthew Tkachuk.
10:41 of 2nd period - Stopped by Charlie Lindgren with a rebound.
10:43 of 2nd period - Snap shot by Evan Rodrigues.
10:43 of 2nd period - Deflect By Andy Andreoff.
10:43 of 2nd period - Shot Misses the Net.
10:43 of 2nd period - Puck is out of play.
10:44 of 2nd period - Evan Rodrigues wins face-off versus Colton Sissons in Marlies zone.
10:47 of 2nd period - Snap shot by Matthew Tkachuk.
10:47 of 2nd period - Shot Misses the Net.
10:49 of 2nd period - Slapshot by Evan Rodrigues.
10:49 of 2nd period - Stopped by Charlie Lindgren without a rebound.
10:50 of 2nd period - Evan Rodrigues wins face-off versus Colton Sissons in Marlies zone.
11:17 of 2nd period - Slapshot by John Marino.
11:17 of 2nd period - Shot Misses the Net.
11:19 of 2nd period - Minor Penalty to Brett Pesce for Slashing.
11:20 of 2nd period - Colton Sissons wins face-off versus Evan Rodrigues in Marlies zone.
11:45 of 2nd period - Colton Sissons is hit by Dakota Mermis and loses puck.
13:19 of 2nd period - Penalty to Brett Pesce is over, Brett Pesce is back on ice.
13:31 of 2nd period - Minor Penalty to Curtis Hamilton for Hooking.
13:32 of 2nd period - Colton Sissons wins face-off versus Evan Rodrigues in Penguins zone.
13:32 of 2nd period - Slapshot by Valentin Zykov.
13:32 of 2nd period - Stopped by Jeremy Swayman without a rebound.
13:33 of 2nd period - Colton Sissons wins face-off versus Evan Rodrigues in Penguins zone.
15:12 of 2nd period - Valentin Zykov is hit by Jeff Malott and loses puck.
15:31 of 2nd period - Penalty to Curtis Hamilton is over, Curtis Hamilton is back on ice.
15:41 of 2nd period - Snap shot by Sam Kurker.
15:41 of 2nd period - Shot Misses the Net.
15:43 of 2nd period - Slapshot by Danny Biega.
15:43 of 2nd period - Shot Misses the Net.
16:03 of 2nd period - Off-side.
16:04 of 2nd period - Adam Brooks wins face-off versus Logan Brown in neutral zone.
17:23 of 2nd period - Backhand shot by Victor Olofsson.
17:23 of 2nd period - Shot Misses the Net.
17:38 of 2nd period - Keaton Thompson is hit by Danny Biega and loses puck.
18:00 of 2nd period - Snap shot by Jeff Malott.
18:00 of 2nd period - Stopped by Charlie Lindgren without a rebound.
18:01 of 2nd period - Logan Brown wins face-off versus Denis Malgin in Marlies zone.
18:08 of 2nd period - Brett Kulak is hit by Mathieu Olivier.
18:16 of 2nd period - Logan Brown is hit by Denis Malgin and loses puck.
18:25 of 2nd period - Snap shot by Denis Malgin.
18:25 of 2nd period - Shot Misses the Net.
18:27 of 2nd period - Wrist shot by Sam Kurker.
18:27 of 2nd period - Deflect By Jeff Malott.
18:27 of 2nd period - Shot Hit the Post.
18:27 of 2nd period - Puck is out of play.
18:28 of 2nd period - Colton Sissons wins face-off versus Evan Rodrigues in Marlies zone.
18:28 of 2nd period - Colton Sissons is hit by John Marino.
18:38 of 2nd period - Wrist shot by Andy Andreoff.
18:38 of 2nd period - Stopped by Charlie Lindgren without a rebound.
18:39 of 2nd period - Evan Rodrigues wins face-off versus Colton Sissons in Marlies zone.
18:40 of 2nd period - Snap shot by Matthew Tkachuk.
18:40 of 2nd period - Shot Misses the Net.
18:54 of 2nd period - Wrist shot by Matthew Tkachuk.
18:54 of 2nd period - Stopped by Charlie Lindgren with a rebound.
18:56 of 2nd period - Minor Penalty to Jeff Corbett for Holding Stick.
18:57 of 2nd period - Colton Sissons wins face-off versus Evan Rodrigues in Marlies zone.
Goals for this period are 0 for Penguins vs 1 for Marlies.
Shots for this period are 14 for Penguins vs 10 for Marlies.
3rd period
0:01 of 3rd period - Evan Rodrigues wins face-off versus Colton Sissons in neutral zone.
0:06 of 3rd period - Slapshot by Brett Kulak.
0:06 of 3rd period - Stopped by Charlie Lindgren without a rebound.
0:07 of 3rd period - Evan Rodrigues wins face-off versus Colton Sissons in Marlies zone.
0:56 of 3rd period - Penalty to Jeff Corbett is over, Jeff Corbett is back on ice.
1:02 of 3rd period - Slapshot by Tyler Benson.
1:02 of 3rd period - Shot Misses the Net.
1:04 of 3rd period - Snap shot by Aleksi Saarela.
1:04 of 3rd period - Stopped by Jeremy Swayman without a rebound.
1:05 of 3rd period - Colton Sissons wins face-off versus Adam Brooks in Penguins zone.
1:28 of 3rd period - Minor Penalty to Victor Olofsson for Interference.
1:29 of 3rd period - Nicholas Baptiste wins face-off versus Evan Rodrigues in Penguins zone.
3:28 of 3rd period - Penalty to Victor Olofsson is over, Victor Olofsson is back on ice.
3:45 of 3rd period - Denis Malgin is hit by Henri Ikonen and loses puck.
4:35 of 3rd period - Pierre-Olivier Joseph is hit by Andy Andreoff and loses puck.
5:00 of 3rd period - Martin Necas is hit by Victor Olofsson and loses puck.
5:24 of 3rd period - Jeff Corbett is hit by Curtis Hamilton and loses puck.
6:05 of 3rd period - Wrist shot by Matthew Highmore.
6:05 of 3rd period - Shot Misses the Net.
6:07 of 3rd period - Wrist shot by Pierre-Olivier Joseph.
6:07 of 3rd period - Shot Blocked by Brett Kulak.
6:21 of 3rd period - Keaton Thompson is hit by Jeff Malott and loses puck.
7:17 of 3rd period - Icing by Eetu Luostarinen.
7:18 of 3rd period - Adam Brooks wins face-off versus Logan Brown in Penguins zone.
7:44 of 3rd period - Dennis Gilbert is hit by Denis Malgin.
7:53 of 3rd period - Valentin Zykov is hit by Jeff Malott and loses puck.
8:11 of 3rd period - Aleksi Saarela is hit by Matthew Tkachuk and loses puck.
8:33 of 3rd period - Slapshot by Adam Brooks.
8:33 of 3rd period - Deflect By Victor Olofsson.
8:33 of 3rd period - Stopped by Charlie Lindgren with a rebound.
8:35 of 3rd period - Wrist shot by Victor Olofsson.
8:35 of 3rd period - Shot Misses the Net.
8:37 of 3rd period - Slapshot by Matthew Finn.
8:37 of 3rd period - Deflect By Pierre-Olivier Joseph.
8:37 of 3rd period - Stopped by Charlie Lindgren without a rebound.
8:38 of 3rd period - Evan Rodrigues wins face-off versus Colton Sissons in Marlies zone.
9:32 of 3rd period - Minor Penalty to Martin Necas for Hooking.
9:33 of 3rd period - Colton Sissons wins face-off versus Adam Brooks in Marlies zone.
11:32 of 3rd period - Penalty to Martin Necas is over, Martin Necas is back on ice.
11:59 of 3rd period - Wrist shot by Logan Brown.
11:59 of 3rd period - Stopped by Jeremy Swayman with a rebound.
12:01 of 3rd period - Snap shot by Alex Formenton.
12:01 of 3rd period - Stopped by Jeremy Swayman without a rebound.
12:02 of 3rd period - Denis Malgin wins face-off versus Logan Brown in Penguins zone.
12:09 of 3rd period - Keaton Thompson is hit by Sam Kurker.
12:10 of 3rd period - Icing by Keaton Thompson.
12:11 of 3rd period - Logan Brown wins face-off versus Denis Malgin in Marlies zone.
12:36 of 3rd period - Wrist shot by Sam Kurker.
12:36 of 3rd period - Shot Misses the Net.
12:42 of 3rd period - Wrist shot by Sam Kurker.
12:42 of 3rd period - Stopped by Charlie Lindgren with a rebound.
12:54 of 3rd period - Wrist shot by Sam Kurker.
12:54 of 3rd period - Stopped by Charlie Lindgren without a rebound.
12:55 of 3rd period - Evan Rodrigues wins face-off versus Colton Sissons in Marlies zone.
12:56 of 3rd period - Wrist shot by Andy Andreoff.
12:56 of 3rd period - Stopped by Charlie Lindgren with a rebound.
13:22 of 3rd period - Brett Kulak is hit by Brett Pesce and loses puck.
13:49 of 3rd period - Curtis Hamilton is hit by Tyler Benson and loses puck.
14:58 of 3rd period - Snap shot by Andy Andreoff.
14:58 of 3rd period - Shot Misses the Net.
15:00 of 3rd period - Wrist shot by Danny Biega.
15:00 of 3rd period - Shot Blocked by Tyler Benson.
15:02 of 3rd period - Wrist shot by Matthew Tkachuk.
15:02 of 3rd period - Stopped by Charlie Lindgren with a rebound.
15:04 of 3rd period - Slapshot by John Marino.
15:04 of 3rd period - Shot Misses the Net.
15:06 of 3rd period - Slapshot by John Marino.
15:06 of 3rd period - Stopped by Charlie Lindgren without a rebound.
15:07 of 3rd period - Colton Sissons wins face-off versus Eetu Luostarinen in Marlies zone.
15:23 of 3rd period - Jeff Corbett is hit by Curtis Hamilton and loses puck.
15:34 of 3rd period - Matthew Tkachuk is hit by Alex Formenton and loses puck.
15:41 of 3rd period - Brett Pesce is hit by Evan Rodrigues and loses puck.
15:50 of 3rd period - Minor Penalty to Logan Brown for Tripping.
15:51 of 3rd period - Colton Sissons wins face-off versus Matthew Tkachuk in Marlies zone.
16:02 of 3rd period - Wrist shot by Matthew Tkachuk.
16:02 of 3rd period - Deflect By Evan Rodrigues.
16:02 of 3rd period - Stopped by Charlie Lindgren with a rebound.
16:04 of 3rd period - Wrist shot by Andy Andreoff.
16:04 of 3rd period - Goal by Andy Andreoff - Penguins : 2 - Marlies : 1.
16:05 of 3rd period - Logan Brown wins face-off versus Eetu Luostarinen in neutral zone.
16:08 of 3rd period - Slapshot by Brett Pesce.
16:08 of 3rd period - Shot Misses the Net.
16:10 of 3rd period - Snap shot by Mathieu Olivier.
16:10 of 3rd period - Stopped by Jeremy Swayman with a rebound.
16:12 of 3rd period - Wrist shot by Logan Brown.
16:12 of 3rd period - Stopped by Jeremy Swayman with a rebound.
16:30 of 3rd period - Colton Sissons is hit by Andy Andreoff and loses puck.
16:37 of 3rd period - Snap shot by Andy Andreoff.
16:37 of 3rd period - Stopped by Charlie Lindgren without a rebound.
16:38 of 3rd period - Colton Sissons wins face-off versus Matthew Tkachuk in Marlies zone.
16:38 of 3rd period - Pierre-Olivier Joseph is hit by John Marino.
16:44 of 3rd period - Slapshot by Evan Rodrigues.
16:44 of 3rd period - Goal by Evan Rodrigues - Penguins : 3 - Marlies : 1.
16:45 of 3rd period - Max Gortz wins face-off versus Logan Brown in neutral zone.
16:59 of 3rd period - Off-side.
17:00 of 3rd period - Evan Rodrigues wins face-off versus Colton Sissons in neutral zone.
17:35 of 3rd period - Slapshot by Pierre-Olivier Joseph.
17:35 of 3rd period - Shot Misses the Net.
18:09 of 3rd period - Snap shot by Andy Andreoff.
18:09 of 3rd period - Stopped by Charlie Lindgren without a rebound.
18:10 of 3rd period - Eetu Luostarinen wins face-off versus Colton Sissons in Marlies zone.
18:21 of 3rd period - Wrist shot by Nicholas Baptiste.
18:21 of 3rd period - Shot Blocked by John Marino.
18:25 of 3rd period - Snap shot by Nicholas Baptiste.
18:25 of 3rd period - Stopped by Jeremy Swayman with a rebound.
18:35 of 3rd period - Jeff Corbett is hit by Adam Brooks.
18:59 of 3rd period - Snap shot by Brett Pesce.
18:59 of 3rd period - Stopped by Jeremy Swayman with a rebound.
19:24 of 3rd period - Minor Penalty to Danny Biega for Hooking.
19:25 of 3rd period - Evan Rodrigues wins face-off versus Colton Sissons in Penguins zone.
19:37 of 3rd period - Snap shot by Nicholas Baptiste.
19:37 of 3rd period - Shot Misses the Net.
19:39 of 3rd period - Snap shot by Nicholas Baptiste.
19:39 of 3rd period - Shot Blocked by Evan Rodrigues.
19:41 of 3rd period - Slapshot by Keaton Thompson.
19:41 of 3rd period - Shot Blocked by Andy Andreoff.
19:58 of 3rd period - Slapshot by Pierre-Olivier Joseph.
19:58 of 3rd period - Deflect By Mathieu Olivier.
19:58 of 3rd period - Stopped by Jeremy Swayman without a rebound.
19:59 of 3rd period - Evan Rodrigues wins face-off versus Colton Sissons in Penguins zone.
Goals for this period are 2 for Penguins vs 0 for Marlies.
Shots for this period are 13 for Penguins vs 8 for Marlies.